 Dungeon Crawl Stone Soup version 0.24.1-14-gf8d2b509d9 (webtiles) character file.

Game seed: 18055793164065473508, levelgen mode: deterministic

285 rabbitsville the Archer (level 6, 0/51 HPs)
             Began as a Centaur Hunter on Mar 30, 2022.
             Slain by an orc
             ... wielding a +0 flail
              (5 damage)
             ... on level 3 of the Dungeon.
             The game lasted 00:13:34 (1981 turns).

rabbitsville the Archer (Centaur Hunter)            Turns: 1981, Time: 00:13:34

Health: 0/51       AC:  6    Str: 17    XL:     6   Next: 7%
Magic:  6/6        EV:  9    Int: 10    God:
Gold:   149        SH:  0    Dex:  9    Spells: 5/5 levels left

rFire    . . .     SeeInvis .   b - +0 short sword
rCold    . . .     Gourm    .   (no shield)
rNeg     . . .     Faith    .   c - +0 leather armour
rPois    .         Spirit   .   q - +0 helmet
rElec    .         Reflect  .   k - +0 cloak
rCorr    .         Harm     .   (no gloves)
MR       .....                  (no barding)
Stlth    ++........             (no amulet)
HPRegen  0.17/turn              n - ring of stealth
MPRegen  0.10/turn              (no ring)

@: very quick
A: large, hooves 3, deformed body, speed 2, tough skin 3
a: no special abilities


You were on level 3 of the Dungeon.
You were not hungry.

You visited 1 branch of the dungeon, and saw 3 of its levels.

You collected 149 gold pieces.

Inventory:

Hand Weapons
 a - a +1 shortbow
 b - a +0 short sword (weapon)
Missiles
 d - 16 arrows
Armour
 c - a +0 leather armour (worn)
 k - a +0 cloak (worn)
 q - a +0 helmet (worn)
Jewellery
 n - a ring of stealth (left hand)
Scrolls
 e - 2 scrolls of teleportation {unknown}
 g - a scroll of random uselessness {unknown}
 i - 2 scrolls of identify {unknown}
 m - a scroll of fear {unknown}
 o - 2 scrolls of blinking {unknown}
 s - a scroll of enchant armour {unknown}
Potions
 h - a potion of curing
 j - 2 potions of berserk rage {unknown}
 l - a potion of ambrosia {unknown}
 p - a potion of degeneration {unknown}
 r - a potion of flight {unknown}
Comestibles
 f - 2 rations


   Skills:
 + Level 3.1 Fighting
 * Level 9.0 Bows
 - Level 1.4 Dodging
 + Level 0.7 Stealth


You had 5 spell levels left.
You didn't know any spells.
Your spell library was empty.

Dungeon Overview and Level Annotations

Branches:
Dungeon (3/15)

Altars:
Vehumet
Zin

Annotations:
D:2 2 transporters


Innate Abilities, Weirdness & Mutations

You have hooves in place of feet.
Armour fits poorly on your strangely shaped body.
You cover ground very quickly.
You have extremely tough skin. (AC +3)


Message History

a +0 trident; an orc corpse
d - 16 arrows (gained 1)
There is a stone staircase leading up, spattered with blood here.
a - a +1 shortbow (weapon)
b - a +0 short sword (weapon)
An orc comes into view. It is wielding a +0 flail.
Items here: ( )))) = [[ †
Things that are here:
a +0 hunting sling; 15 stones; 7 gold pieces
Things that are here:
a +0 dagger; a +0 leather armour
Things that are here:
a +0 dagger; a +0 leather armour The orc shouts!
Items here: ( )))) = [[ † You hit the orc but do no damage.
The orc hits you with a +0 flail.
* * * LOW HITPOINT WARNING * * *
You hit the orc but do no damage. Your kick misses the orc.
The orc hits you with a +0 flail.
You die...

#..# ##..#
#...# #..##
### #..# ...#
#..# ...#
#..####...###
#.)#.........
#.)@o........
#...<).......
#######..(###
..# .# #


You could see an orc.

Vanquished Creatures
  Sigmund (D:2)
  An orc priest (D:3)
  2 adders
  3 dart slugs (D:1)
  6 orcs (D:3)
  5 giant cockroaches
  9 goblins
  12 hobgoblins
  8 jackals
  A quokka (D:2)
  7 bats
  3 frilled lizards
  8 kobolds
  4 rats
70 creatures vanquished.

Notes
Turn   | Place    | Note
-------+----------+-------------------------------------------
     0 | D:1      | rabbitsville the Centaur Hunter began the quest for the
                  | Orb.
     0 | D:1      | Reached XP level 1. HP: 17/17 MP: 1/1
    76 | D:1      | Reached skill level 6 in Bows
    76 | D:1      | Reached XP level 2. HP: 17/24 MP: 2/2
   561 | D:1      | Reached XP level 3. HP: 14/29 MP: 3/3
   863 | D:2      | Found a transporter.
   867 | D:2      | Found a transporter.
   872 | D:2      | Noticed an ogre
   873 | D:2      | Found a radiant altar of Vehumet.
   874 | D:2      | Found a glowing silver altar of Zin.
  1110 | D:2      | Reached skill level 7 in Bows
  1203 | D:2      | Noticed Sigmund
  1226 | D:2      | Killed Sigmund
  1226 | D:2      | Reached skill level 8 in Bows
  1226 | D:2      | Reached XP level 4. HP: 26/37 MP: 4/4
  1226 | D:2      | Reached XP level 5. HP: 31/44 MP: 5/5
  1941 | D:3      | Reached skill level 9 in Bows
  1941 | D:3      | Reached XP level 6. HP: 20/51 MP: 6/6
  1981 | D:3      | Slain by an orc

Levels and vault maps discovered:
D:1:      minmay_arrival_doors, layout_basic
D:2:      layout_basic, overflow_temple_1_default,
          gammafunk_temple_overflow_arena, uniq_sigmund
D:3:      layout_loops_ring

Skill      XL: |  1  2  3  4  5 |
---------------+----------------+-----
Bows           | 6 8 9 |  9.0
Fighting       | 3 |  3.1
Dodging        | |  1.4
Stealth        | |  0.7

Action                   |  1- 3 |  4- 6 || total
-------------------------+-------+-------++-------
Melee: Short sword       |   143 |    93 ||   236
       Kick              |    21 |    18 ||    39
 Fire: Shortbow          |    17 |     3 ||    20
  Use: Potion            |       |     1 ||     1
 Stab: Sleeping          |       |     1 ||     1
  Eat: Ration            |       |     1 ||     1
Armor: Leather armour    |    82 |    40 ||   122
Dodge: Dodged            |    86 |    37 ||   123
